 Dungeon Crawl Stone Soup version 0.21-a0-621-gc60411f (webtiles) character file.

41 tidbits the Caller (level 3, 2/25 HPs)
             Began as a Gnoll Summoner on Dec 23, 2017.
             Quit the game on level 1 of the Dungeon.
             The game lasted 00:07:10 (769 turns).

tidbits the Caller (Gnoll Summoner)                  Turns: 769, Time: 00:07:11

Health: 2/25       AC:  4    Str:  7 (10) XL:     3   Next: 52%
Magic:  4/9        EV: 14    Int: 16 (18) God:
Gold:   127        SH:  0    Dex: 14 (15) Spells: 6/12 levels left

rFire    . . .     SeeInvis .   a - +0 whip
rCold    . . .     Gourm    .   (no shield)
rNeg     + . .     Faith    .   d - +0 robe
rPois    .         Spirit   .   E - +0 helmet
rElec    .         Reflect  .   (no cloak)
rCorr    .         Harm     .   G - +0 pair of gloves
MR       .....                  (no boots)
Stlth    +++.......             (no amulet)
HPRegen  0.08/turn              f - ring of positive energy
MPRegen  0.11/turn              (no ring)

@: lethally poisoned (2 -> -1)
A: distributed training, fangs 1, strong nose
a: no special abilities


You were on level 1 of the Dungeon.
You were not hungry.

You visited 1 branch of the dungeon, and saw 4 of its levels.

You collected 127 gold pieces.

Inventory:

Hand Weapons
 a - a +0 whip (weapon)
 b - a +0 dagger
 k - a cursed -2 long sword
 l - a +0 dagger
Armour
 d - a +0 robe (worn)
 E - a +0 helmet (worn)
 G - a +0 pair of gloves (worn)
Jewellery
 f - a ring of positive energy (left hand)
   (You found it on level 3 of the Dungeon)
 j - an uncursed ring of fire
   (You found it on level 1 of the Dungeon)
Scrolls
 e - a scroll of immolation {unknown}
 i - 5 scrolls of identify {unknown}
 m - a scroll of fear {unknown}
Potions
 g - a potion of agility
Books
 h - a book of Callings

   Spells                             Type                      Level
   a - Summon Small Mammal            Summoning                    1
   b - Call Imp                       Summoning                    2
   c - Call Canine Familiar           Summoning                    3
   d - Summon Guardian Golem          Hexes/Summoning              3
   e - Summon Lightning Spire         Summoning/Air                4
   f - Summon Ice Beast               Ice/Summoning                4
Comestibles
 c - 5 rations


   Skills:
 + Level 0.8 Fighting
 + Level 0.8 Short Blades
 + Level 0.8 Long Blades
 + Level 0.8 Axes
 + Level 0.8 Maces & Flails
 + Level 0.8 Polearms
 + Level 0.8 Staves
 + Level 0.8 Slings
 + Level 0.8 Bows
 + Level 0.8 Crossbows
 + Level 0.8 Throwing
 + Level 0.8 Armour
 + Level 4.5 Dodging
 + Level 4.1 Stealth
 + Level 0.8 Shields
 + Level 0.8 Unarmed Combat
 + Level 5.0 Spellcasting
 + Level 0.5 Conjurations
 + Level 0.5 Hexes
 + Level 0.5 Charms
 + Level 7.1 Summonings
 + Level 0.5 Necromancy
 + Level 0.5 Translocations
 + Level 0.5 Transmutations
 + Level 0.5 Fire Magic
 + Level 0.5 Ice Magic
 + Level 0.5 Air Magic
 + Level 0.5 Earth Magic
 + Level 0.5 Poison Magic
 + Level 1.0 Invocations
 + Level 0.8 Evocations


You had 6 spell levels left.
You knew the following spells:

 Your Spells              Type           Power        Failure   Level  Hunger
a - Summon Small Mammal   Summ           ####         1%          1    None
c - Call Canine Familiar  Summ           ####....     2%          3    ###....
i - Call Imp              Summ           ####....     1%          2    #......


Dungeon Overview and Level Annotations

Branches:
Dungeon (4/15)
 Temple: D:4-7

Altars:
Ashenzari
Xom
Zin


Innate Abilities, Weirdness & Mutations

Your experience applies equally to all skills.
You have very sharp teeth.
Your uncanny sense of smell can sniff out nearby items.


Message History

You open the door.
There is an open door here.
Found a glowing silver altar of Zin.
Found 12 sling bullets.
You see here 12 sling bullets.
Found a scroll labeled CAFAWY HAGE.
i - 4 scrolls labeled CAFAWY HAGE (gained 1)
Found a ration.
c - 5 rations (gained 1)
Found a scroll labeled BEWASA VOT.
m - a scroll labeled BEWASA VOT
Found a stone staircase leading up.
An adder comes into view.
An adder comes into view.
There is a stone staircase leading up here.
The adder hisses angrily. x2
You climb upwards.
A dart slug comes into view.
Found 9 gold pieces and a scroll labeled CAFAWY HAGE.
There is a stone staircase leading down here.
Casting: Call Canine Familiar
Confirm with . or Enter, or press ? or * to list all spells.
Your bat hits the dart slug. x2
Your bat hits the dart slug but does no damage.
The dart slug barely misses you.
Your bat hits the dart slug but does no damage.
You hit the dart slug.
The dart slug is severely wounded.
Your bat hits the dart slug but does no damage.
Your bat hits the dart slug.
The dart slug bites you but does no damage.
You hit the dart slug.
You kill the dart slug!
You now have 127 gold pieces (gained 9).
You swap places.
A rat comes into view.
You see here a scroll labeled CAFAWY HAGE.
i - 5 scrolls labeled CAFAWY HAGE (gained 1)
You swap places.
There is a stone staircase leading down here.
Unknown command.
Okay, then.
Unknown command.
You climb downwards.
Your summoned ally is left behind.
The adder bites you but does no damage. The adder bites you.
* * * LOW HITPOINT WARNING * * *
There is a stone staircase leading up here.
You can't go down here!
The adder completely misses you.
You climb upwards.
Your bat disappears in a puff of smoke!
There is a stone staircase leading down here.
Casting: Summon Small Mammal
Confirm with . or Enter, or press ? or * to list all spells.
The adder barely misses you.
Casting: Call Canine Familiar
Confirm with . or Enter, or press ? or * to list all spells.
A beastly little devil appears in a puff of flame.
The adder bites you.
* * * LOW HITPOINT WARNING * * *
Your hound misses the adder. The adder completely misses you.
Your hound closely misses the adder.
Your crimson imp misses the adder.
You barely miss the adder. The adder bites you.
* * * LOW HITPOINT WARNING * * *
Your hound barely misses the adder.
Your crimson imp completely misses the adder.
You miss the adder.
Your hound bites the adder but does no damage.
The adder closely misses your hound.
Your hound bites the adder.
Your crimson imp closely misses the adder.
You barely miss the adder.
The adder is lightly wounded.
The adder misses you.
Your hound misses the adder. The adder barely misses you.
Your crimson imp hits the adder.
You barely miss the adder.
The adder is lightly wounded.
Your hound misses the adder. The adder bites you.
* * * LOW HITPOINT WARNING * * *
You are lethally poisoned!
The adder poisons you!
Your hound barely misses the adder.
Your crimson imp closely misses the adder.
Casting: Call Imp
Confirm with . or Enter, or press ? or * to list all spells.
* * * LOW HITPOINT WARNING * * *
You feel sick. The adder bites you but does no damage.
Your hound bites the adder.
Your crimson imp closely misses the adder.
The adder closely misses you.
Your hound completely misses the adder.
The adder barely misses you.
Your hound bites the adder.
The adder dies!
You feel your intelligence returning.
Your Invocations skill increases to level 1!
Okay, then.
Unknown command.
* * * LOW HITPOINT WARNING * * *
You feel sick.
You see here a dart slug corpse.
* * * LOW HITPOINT WARNING * * *
You feel sick.
Are you sure you want to abandon this character and quit the game? (Confirm with "yes".)

#.. #####.#
...... ..#.##
#.... #.#.# ###
#...###..## ...
#.r@.......
#.#####.5####..##
#.......h####. #
###...†........ .
#####.>....#####.
##..#
.................
##...#
######.#.########
..... #.#.# .[.#
#.#.# #..#


You could see a friendly hound, a friendly crimson imp and a friendly quokka.

Vanquished Creatures
  A dart slug (D:1)
  A giant cockroach (D:1)
  A goblin (D:1)
  5 hobgoblins (D:1)
  2 jackals (D:3)
  A quokka (D:3)
  A bat (D:3)
  A rat (D:2)
13 creatures vanquished.

Vanquished Creatures (collateral kills)
  3 adders
  A worm (D:2)
  A ball python (D:2)
  2 giant cockroaches (D:2)
  2 goblins (D:2)
  A hobgoblin (D:2)
  A jackal (D:3)
  3 bats
  A kobold (D:3)
  A rat (D:1)
16 creatures vanquished.

Grand Total: 29 creatures vanquished

Notes
Turn   | Place    | Note
-------+----------+-------------------------------------------
     0 | D:1      | tidbits the Gnoll Summoner began the quest for the Orb.
     0 | D:1      | Reached XP level 1. HP: 13/13 MP: 6/6
   126 | D:3      | Reached XP level 2. HP: 19/19 MP: 2/7
   149 | D:2      | Learned a level 2 spell: Call Imp
   161 | D:2      | Found a shimmering altar of Xom.
   215 | D:2      | Found a shattered altar of Ashenzari.
   547 | D:3      | Reached XP level 3. HP: 25/25 MP: 7/9
   611 | D:3      | Reached skill level 5 in Spellcasting
   641 | D:2      | Learned a level 3 spell: Call Canine Familiar
   691 | D:2      | Found a glowing silver altar of Zin.
   764 | D:1      | Reached skill level 1 in Invocations
   768 | D:1      | HP: 2/25 [poisoned by an adder]
   769 | D:1      | Quit the game

Vault maps used:
D:1:      eino_arrival_tree_alley
D:2:      cheibrodos_helix_gallery, nicolae_overflow_hidden_temple,
          lemuel_round_altar, kennysheep_slug_shrine, first_ration,
          minmay_misc_feat_roman, xom_teletrap_fun
D:3:      grunt_qazlal_sundering, hangedman_glass_teeth, nrook_mini_vaults
D:4:      kennysheep_mini, serial_shops, kennysheep_mini_moat

Skill      XL: |  1  2  3 |
---------------+----------+-----
Spellcasting   | 5 |  5.0
Invocations    | 1 |  1.0
Fighting       | |  0.8
Short Blades   | |  0.8
Long Blades    | |  0.8
Axes           | |  0.8
Maces & Flails | |  0.8
Polearms       | |  0.8
Staves         | |  0.8
Slings         | |  0.8
Bows           | |  0.8
Crossbows      | |  0.8
Throwing       | |  0.8
Armour         | |  0.8
Dodging        | |  4.5
Stealth        | |  4.1
Shields        | |  0.8
Unarmed Combat | |  0.8
Conjurations   | |  0.5
Hexes          | |  0.5
Charms         | |  0.5
Summonings     | |  7.1
Necromancy     | |  0.5
Translocations | |  0.5
Transmutations | |  0.5
Fire Magic     | |  0.5
Ice Magic      | |  0.5
Air Magic      | |  0.5
Earth Magic    | |  0.5
Poison Magic   | |  0.5
Evocations     | |  0.8

Action                   || total
-------------------------++-------
Melee: Whip              ||    72
       Bite              ||     4
 Cast: Summon Small Mamm ||    30
       Call Imp          ||     2
       Call Canine Famil ||     2
  Use: Potion            ||     3
 Stab: Sleeping          ||     3
       Distracted        ||     1
Armor: Robe              ||    36
Dodge: Dodged            ||   118

Table legend:
 A = Spawn XP
 B = Non-spawn XP
 C = Spawn XP percentage of total XP
 D = Spawn monster count
 E = Non-spawn monster count
 F = Spawn count percentage of total count
 G = Total turns spent on level
                    A         B        C        D         E        F      G
               +---------+---------+-------+---------+---------+-------+---------
         Total |       0 |      59 |   0.0 |       0 |      29 |   0.0 |   769
               +---------+---------+-------+---------+---------+-------+---------
           D:1 |       0 |      24 |   0.0 |       0 |      11 |   0.0 |   358
           D:2 |       0 |      12 |   0.0 |       0 |       8 |   0.0 |   239
           D:3 |       0 |      23 |   0.0 |       0 |      10 |   0.0 |   145
               +---------+---------+-------+---------+---------+-------+---------

Table legend:
 A = Turns spent in this place as a percentage of turns spent in the entire game.
 B = Non-inter-level travel turns spent in this place as a percentage of non-inter-level travel turns spent in the entire game.
 C = Inter-level travel turns spent in this place as a percentage of turns spent in this place.
 D = Turns resting spent in this place as a percentage of non-inter-level travel turns spent in this place.
 E = Turns spent auto-exploring this place as a percentage of non-inter-level travel turns spent in this place.
 F = Non-inter-level travel turns spent in this place divided by the number of levels of this place that you've seen.
                   A       B       C       D       E      F
               +-------+-------+-------+-------+-------+----------------------
         Total | 100.0 | 100.0 |   0.0 |   0.0 |   0.0 | 192.2
       Dungeon | 100.0 | 100.0 |   0.0 |   0.0 |   0.0 | 192.2
               +-------+-------+-------+-------+-------+----------------------

Table legend:
 A = Kills in this place as a percentage of kills in entire the game.
 B = Kills by you in this place as a percentage of kills by you in the entire game.
 C = Kills by friends in this place as a percentage of kills by friends in the entire game.
 D = Other kills in this place as a percentage of other kills in the entire game.
 E = Experience gained in this place as a percentage of experience gained in the entire game.
 F = Experience gained in this place divided by the number of levels of this place that you have seen.
                   A       B       C       D       E      F
               +-------+-------+-------+-------+-------+----------------------
         Total | 100.0 | 100.0 | 100.0 |   N/A | 100.0 |  14.8
       Dungeon | 100.0 | 100.0 | 100.0 |   N/A | 100.0 |  14.8
               +-------+-------+-------+-------+-------+----------------------

Vault maps used:
D:1:      eino_arrival_tree_alley
D:2:      cheibrodos_helix_gallery, nicolae_overflow_hidden_temple,
          lemuel_round_altar, kennysheep_slug_shrine, first_ration,
          minmay_misc_feat_roman, xom_teletrap_fun
D:3:      grunt_qazlal_sundering, hangedman_glass_teeth, nrook_mini_vaults
D:4:      kennysheep_mini, serial_shops, kennysheep_mini_moat
